 Dungeon Crawl Stone Soup version 0.26-a0-849-gf1512cd430 (webtiles) character file.

Game seed: 17376787277594080971

22 Morbidden the Sneak (level 2, 0/22 HPs)
             Began as a Demonspawn Brigand on Nov 20, 2020.
             Slain by a rat (2 damage)
             ... on level 1 of the Dungeon.
             The game lasted 00:00:28 (520 turns).

Morbidden the Sneak (Demonspawn Brigand)             Turns: 520, Time: 00:00:29

Health: 0/22       AC:  3    Str: 11    XL:     2   Next: 68%
Magic:  2/2        EV: 12    Int: 12    God:
Gold:   13         SH:  0    Dex: 14    Spells: 1/1 levels left

rFire    . . .     SeeInvis .   a - +2 dagger
rCold    . . .     Faith    .   (no shield)
rNeg     . . .     Spirit   .   b - +0 robe
rPois    .         Reflect  .   (no helmet)
rElec    .         Harm     .   c - +0 cloak
rCorr    .         Rampage  .   (no gloves)
MR       .....                  (no boots)
Stlth    +++.......             (no amulet)
HPRegen  0.07/turn              (no ring)
MPRegen  0.08/turn              (no ring)

@: no status effects
A: talons 1
a: no special abilities


You were on level 1 of the Dungeon.
You visited 1 branch of the dungeon, and saw 1 of its levels.

You collected 13 gold pieces.

Inventory:

Hand Weapons
 a - a +2 dagger (weapon)
Missiles
 d - 8 poisoned darts (quivered)
 e - 2 curare-tipped darts
Armour
 b - a +0 robe (worn)
 c - a +0 cloak (worn)
Scrolls
 f - a scroll of remove curse {unknown}
 i - a scroll of enchant weapon {unknown}
Potions
 g - a potion of invisibility {unknown}
 h - a potion of attraction {unknown}


   Skills:
 * Level 2.3 Fighting
 + Level 2.0 Short Blades
 + Level 2.0 Throwing
 + Level 1.0 Dodging
 + Level 4.0 Stealth


You had one spell level left.
You didn't know any spells.
Your spell library was empty.

Dungeon Overview and Level Annotations

Branches:
Dungeon (1/15)

Altars:


Innate Abilities, Weirdness & Mutations

You have sharp toenails.


Message History

The dart slug launches a dart at you. The slug dart hits you.
* * * LOW HITPOINT WARNING * * *
You hit the dart slug.
You claw the dart slug, but do no damage.
The dart slug is almost dead.
The rat bites you.
* * * LOW HITPOINT WARNING * * *
You hit the dart slug.
You kill the dart slug!
The rat bites you.
* * * LOW HITPOINT WARNING * * *
Your Throwing skill increases to level 2!
Unknown command.
The rat bites you but does no damage.
You see here a dart slug corpse.
The kobold hits you.
* * * LOW HITPOINT WARNING * * *
The rat bites you.
You die...

....#.###..###.#...
.............#.#..#...
#+###.###..#......... .
#.................# .#
#.##.##...........##..
........)†............ #
......#.#.....##.#..##..#
..............##Kr.....#
#+#+###........(@†....#
.........#>.##....#
..###....$#(.# ###.# .
+...)...#..# #
####..#(#..# #..#.#..#
#..#.#..# #.>#.#..# ##
#.#..#


You could see a kobold and a rat.

Vanquished Creatures
  An ooze (D:1)
  A dart slug (D:1)
  A leopard gecko (D:1)
  2 bats (D:1)
  2 giant cockroaches (D:1)
  A goblin (D:1)
  2 hobgoblins (D:1)
  A kobold (D:1)
  3 rats (D:1)
14 creatures vanquished.

Notes
Turn   | Place    | Note
-------+----------+-------------------------------------------
     0 | D:1      | Morbidden the Demonspawn Brigand began the quest for the
                  | Orb.
     0 | D:1      | Reached XP level 1. HP: 16/16 MP: 1/1
   375 | D:1      | Gained mutation: You have sharp toenails. [demonic
                  | ancestry]
   375 | D:1      | Reached XP level 2. HP: 20/22 MP: 2/2
   382 | D:1      | Reached skill level 4 in Stealth
   512 | D:1      | Reached skill level 1 in Dodging
   520 | D:1      | Slain by a rat

Illustrated notes

Levels and vault maps discovered:
D:1:      dpeg_arrival_water_temple_mockup, layout_basic,
          hangedman_abyss_or_decor_lesser_grid, minmay_hedge_maze

Skill      XL: |  1  2 |
---------------+-------+-----
Stealth        | 4 |  4.0
Short Blades   | 2 |  2.0
Dodging        | 1 |  1.0
Throwing       | 2 |  2.0
Fighting       | |  2.3

Action                   || total
-------------------------++-------
Melee: Dagger            ||    53
       Kick              ||     8
 Stab: Sleeping          ||     1
Armor: Robe              ||    17
Dodge: Dodged            ||    36

Table legend: (Time is in decaauts)
 A = Elapsed time spent in this place.
 B = Non-inter-level travel time spent in this place.
 C = Inter-level travel time spent in this place.
 D = Time resting spent in this place.
 E = Time spent auto-exploring this place.
 F = Levels seen in this place.
 G = Mean time per level.
                   A        B        C        D        E       F      G
               +--------+--------+--------+--------+--------+-----+--------+
         Total |    515 |    515 |      0 |      0 |    418 |   1 |  515.0 |
       Dungeon |    515 |    515 |      0 |      0 |    418 |   1 |  515.0 |
               +--------+--------+--------+--------+--------+-----+--------+

Top non-repeatable levels by time:
     D:1: 515 daAuts
